 Dungeon Crawl Stone Soup version 0.25-a0-341-g6f074c887a (webtiles) character file.

Game seed: 2077806327487730225, levelgen mode: deterministic

65 PentaManta the Ducker (level 4, 0/31 HPs)
             Began as an Octopode Fighter on Dec 30, 2019.
             Succumbed to an adder's poison
             ... on level 2 of the Dungeon.
             The game lasted 00:03:51 (923 turns).

PentaManta the Ducker (Octopode Fighter)             Turns: 923, Time: 00:03:52

Health: 0/31       AC:  1    Str: 15    XL:     4   Next: 13%
Magic:  4/4        EV: 12    Int: 10    God:
Gold:   52         SH:  9    Dex: 12    Spells: 3/3 levels left

rFire    + . .     SeeInvis .   g - +0 dagger (venom)
rCold    . . .     Gourm    .   b - +0 shield
rNeg     . . .     Faith    .   (helmet restricted)
rPois    .         Spirit   .   (no amulet)
rElec    .         Reflect  .   (no ring)
rCorr    .         Harm     .   (no ring)
MR       .....                  (no ring)
Stlth    +++.......             (no ring)
HPRegen  0.10/turn              (no ring)
MPRegen  0.09/turn              (no ring)
                                (no ring)
                                (no ring)

@: lethally poisoned (0 -> -2)
A: almost no armour, stealthy swim, amphibious, 8 rings, constrict 8, camouflage
1, fire resistance 1, wild magic 1, gelatinous body 1
a: no special abilities


You were on level 2 of the Dungeon.
You were not hungry.

You visited 1 branch of the dungeon, and saw 2 of its levels.

You collected 52 gold pieces.

Inventory:

Hand Weapons
 a - a +0 long sword
 f - a +0 short sword
 g - a +0 dagger of venom (weapon)
Armour
 b - a +0 shield (worn)
Scrolls
 e - a scroll of remove curse
 j - a scroll of immolation
 k - a scroll of enchant armour {unknown}
Potions
 c - a potion of might
Comestibles
 d - 4 rations


   Skills:
 - Level 3.2 Fighting
 + Level 2.5 Long Blades
 + Level 3.6 Dodging
 + Level 1.8 Stealth
 + Level 3.5 Shields


You had 3 spell levels left.
You didn't know any spells.
Your spell library was empty.

Dungeon Overview and Level Annotations

Branches:
Dungeon (2/15)

Altars:
Wu Jian


Innate Abilities, Weirdness & Mutations

You cannot wear most types of armour.
You are very stealthy in the water. (Stealth+)
You are amphibious.
You can wear up to eight rings at the same time.
You can use your tentacles to constrict eight enemies at once.
Your skin changes colour to match your surroundings (Stealth+).
Your rubbery body absorbs attacks. (AC +1, EV +1)
Your flesh is heat resistant. (rF+)
Your spells are a little harder to cast, but a little more powerful.


Message History

* * * LOW HITPOINT WARNING * * *
You feel sick. The goblin hits you with a +0 dagger.
* * * LOW HITPOINT WARNING * * *
You hit the goblin.
The goblin is poisoned.
You grab the goblin.
The goblin is severely wounded.
You constrict the goblin, but do no damage.
You hit the goblin.
You kill the goblin!
* * * LOW HITPOINT WARNING * * *
You feel sick. You block the rat's attack.
You closely miss the rat. Your grab misses the rat. You squeeze the rat.
You kill the rat!
You see here a rat corpse.
As you read the scroll labeled SOUF KOVIYHUJ, it crumbles to dust.
You feel blessed for a moment.
It was a scroll of remove curse.
As you read the scroll labeled WYJOIST XONWUIFU, it crumbles to dust.
It is a scroll of identify.
j - a scroll of immolation You die...

#..............#.###.#.#######.
#..............# ..#.........
#..............# ###.######..
#..............# #.#
#..............# #.#
#..............# ###.####
##.......(......#####......#
.#.........................#
.#...........†..@..........#
.#........).....).....#.####
.#....................#.#
.#########'#####......#.# .#
#.# #......#.# .# #.#
#......#.# .# #.# #......# .#
#.# #......# .# #.# #......#


There were no monsters in sight!

Vanquished Creatures
  An adder (D:2)
  An ooze (D:2)
  2 worms (D:2)
  A dart slug (D:1)
  A leopard gecko (D:1)
  3 bats (D:1)
  A giant cockroach (D:2)
  6 goblins
  9 hobgoblins
  2 jackals (D:1)
  3 kobolds (D:1)
  3 frilled lizards
  7 rats
40 creatures vanquished.

Notes
Turn   | Place    | Note
-------+----------+-------------------------------------------
     0 | D:1      | PentaManta the Octopode Fighter began the quest for the
                  | Orb.
     0 | D:1      | Reached XP level 1. HP: 16/16 MP: 1/1
   176 | D:1      | Reached XP level 2. HP: 21/21 MP: 2/2
   461 | D:1      | Reached XP level 3. HP: 22/26 MP: 3/3
   552 | D:1      | Reached skill level 1 in Stealth
   759 | D:2      | Found an ornate altar of the Wu Jian Council.
   902 | D:2      | Reached XP level 4. HP: 9/31 MP: 4/4
   904 | D:2      | Gained mutation: Your flesh is heat resistant. (rF+)
                  | [potion of mutation]
   904 | D:2      | Gained mutation: Your spells are a little harder to cast,
                  | but a little more powerful. [potion of mutation]
   919 | D:2      | HP: 1/31 [poisoned by an adder]
   923 | D:2      | Succumbed to an adder's poison

Levels and vault maps discovered:
D:1:      giann_forest_graveyard, layout_basic
D:2:      layout_basic, kennysheep_slug_shrine, lemuel_coloured_pillars_altar,
          minmay_circle_x

Skill      XL: |  1  2  3 |
---------------+----------+-----
Stealth        | 1 |  1.8
Fighting       | |  3.2
Long Blades    | |  2.5
Dodging        | |  3.6
Shields        | |  3.5

Action                   |  1- 3 |  4- 6 || total
-------------------------+-------+-------++-------
Melee: Long sword        |     8 |       ||     8
       Constrict         |    24 |     1 ||    25
       Tentacles         |    17 |     3 ||    20
       Short sword       |    18 |       ||    18
       Dagger            |    48 |     7 ||    55
  Use: Scroll            |       |     2 ||     2
       Potion            |       |     1 ||     1
 Stab: Sleeping          |     6 |       ||     6
Armor: Skin              |     5 |       ||     5
Dodge: Dodged            |    27 |     3 ||    30
Block: Shield            |    30 |     1 ||    31

Table legend:
 A = Non-vault XP
 B = Vault XP
 C = Vault XP percentage of total XP
 D = Non-vault monster count
 E = Vault monster count
 F = Vault count percentage of total count
                 A         B        C        D         E       F
            +---------+---------+-------+---------+---------+-------
      Total |      68 |      25 |  26.9 |      34 |       6 |  15.0
            +---------+---------+-------+---------+---------+-------
        D:1 |      48 |       0 |   0.0 |      26 |       0 |   0.0
        D:2 |      20 |      25 |  55.6 |       8 |       6 |  42.9
            +---------+---------+-------+---------+---------+-------
